 Dungeon Crawl Stone Soup version 0.23.2-30-g0e89c35649 (webtiles) character file.

Game seed: 15116018940110055669

4723 mahrnol the Grappler (level 10, -6/88 HPs)
             Began as a Troll Monk on June 13, 2019.
             Was a Priest of Wu Jian.
             Mangled by a troll (10 damage)
             ... on level 8 of the Dungeon.
             The game lasted 00:27:36 (6438 turns).

mahrnol the Grappler (Troll Monk)                   Turns: 6438, Time: 00:27:37

Health: -6/88      AC: 11    Str: 21 (24) XL:     10   Next: 22%
Magic:  9/9        EV: 12    Int:  3 (6)  God:    Wu Jian [***...]
Gold:   449        SH:  3    Dex: 13 (15) Spells: 9/9 levels left

rFire    . . .     SeeInvis .     - Unarmed
rCold    . . .     Gourm    +   (no shield)
rNeg     + . .     Faith    .   U - +0 steam dragon scales
rPois    +         Spirit   .   (helmet restricted)
rElec    .         Reflect  +   Q - +1 cloak {rPois}
rCorr    .         Harm     .   (gloves unavailable)
MR       .....                  (boots unavailable)
Stlth    ++........             K - +3 amulet of reflection
HPRegen  0.64/turn              t - ring of positive energy
MPRegen  0.11/turn              F - +3 ring of strength

@: slowed, very slow
A: large, unfitting armour, claws 3, fast metabolism 3, gourmand, regeneration
1, shaggy fur 1, tough skin 3
a: Wall Jump, Serpent's Lash, Renounce Religion


You were on level 8 of the Dungeon.
You worshipped Wu Jian.
Wu Jian was most pleased with you.
You were very full.

You visited 2 branches of the dungeon, and saw 10 of its levels.

You collected 449 gold pieces.

Inventory:

Hand Weapons
 r - a +2 hand axe of chopping
 A - a +4 flail of holy wrath
 G - a +1 vampiric dagger
 V - a +2 short sword of speed
Missiles
 j - 6 large rocks (quivered)
 k - 5 needles of sleeping
 x - 7 needles of frenzy
 y - 32 poisoned needles
 D - a throwing net
 J - 5 tomahawks
Armour
 s - a +0 robe of cold resistance
 C - a +2 robe of magic resistance
 Q - a +1 cloak of poison resistance (worn)
 U - +0 steam dragon scales (worn)
Magical Staves
 N - an uncursed staff of energy
Jewellery
 d - an uncursed ring of wizardry
 t - a ring of positive energy (left claw)
 F - a +3 ring of strength (right claw)
 K - a +3 amulet of reflection (around neck)
Wands
 I - a wand of flame (28)
 O - a wand of paralysis (10)
 P - a wand of disintegration (10)
 S - a wand of random effects (13)
 T - a wand of iceblast (10)
Scrolls
 e - 2 scrolls of blinking {unknown}
 g - 3 scrolls of teleportation {unknown}
 h - 9 scrolls of identify
 i - 2 scrolls of fog {unknown}
 l - 5 scrolls of enchant weapon
 m - 2 scrolls of amnesia {unknown}
 n - 2 scrolls of noise {unknown}
 o - a scroll of magic mapping {unknown}
 v - 3 scrolls of remove curse
 E - a scroll of vulnerability {unknown}
Potions
 a - 2 potions of heal wounds {unknown}
 c - 3 potions of mutation {unknown}
 f - 2 potions of ambrosia {unknown}
 p - a potion of brilliance {unknown}
 q - 3 potions of cancellation {unknown}
 u - 2 potions of resistance {unknown}
 w - 2 potions of might
 z - 4 potions of degeneration
 B - 2 potions of berserk rage {unknown}
 H - 2 potions of lignification {unknown}
 L - a potion of curing {unknown}
 M - a potion of flight {unknown}
Comestibles
 b - 22 rations
 R - 10 chunks of flesh


   Skills:
 - Level 2.6 Fighting
 + Level 5.6 Dodging
 + Level 3.5 Stealth
 + Level 12.5 Unarmed Combat


You had 9 spell levels left.
You didn't know any spells.
Your spell library contained the following spells:

 Spells                   Type           Power        Failure   Level  Hunger
 Animate Skeleton         Necr           N/A          52%         1    ##.....
 Apportation              Tloc           #.....       52%         1    ##.....
 Confusing Touch          Hex            #.....       52%         1    ##.....
 Summon Small Mammal      Summ           #...         52%         1    ##.....
 Irradiate                Conj/Tmut      #.........   100%        5    ######.
 Hydra Form               Tmut           #.........   100%        6    #######
 Statue Form              Tmut/Erth      #........    100%        6    #######
 Dragon Form              Tmut           #.........   100%        7    #######


Dungeon Overview and Level Annotations

Branches:
Dungeon (9/15)             Temple (1/1) D:5
   Lair: D:8-11         Orc: D:9-12

Altars:
Ashenzari
Cheibriados
Dithmenos
Elyvilon
Gozag
Hepliaklqana
Kikubaaqudgha
Makhleb
Nemelex Xobeh
Okawaru
Qazlal
Ru
Sif Muna
Trog
Uskayaw
Vehumet
Wu Jian
Xom
Yredelemnul
Zin
The Shining One

Shops:
D:4 *   D:7 !:([!

Annotations:
D:8 Erica


Innate Abilities, Weirdness & Mutations

You are too large for most types of armour.
You have claws for hands.
Your metabolism is lightning-fast.
You like to eat raw meat.
Your natural rate of healing is unusually fast.
You are covered in fur. (AC +1)
You have extremely tough skin. (AC +3)


Message History

There was something very wrong with that liquid.
You feel weakened.
You feel dopey.
You feel clumsy. You block something's attack. You block the troll's attack.
The troll claws you.
* * * LOW HITPOINT WARNING * * *
The troll closely misses you.
Aiming: Wall Jump
Press: ? - help, Dir - move target cursor Something hits you.
* * * LOW HITPOINT WARNING * * *
Something burns you.
* * * LOW HITPOINT WARNING * * *
The troll barely misses you. The troll completely misses you.
The troll claws you but does no damage.
You hear some strange, mumbled words.
A bolt of poison appears from out of thin air!
The bolt of poison misses you. The troll bites you.
* * * LOW HITPOINT WARNING * * *
The troll claws you!
You die...

##.#
#)####.#.#.###.#
##.#
#).....#.#.....#
##.#
#..#####.#######
##.####..#.....#
.........#.#########
#........#.# #.....#
#.#.#..#.#.# #.....#
#.#.#..###.###.○○T.#
...............○@°>#
..#.#..#####.#.○○○.#
###.#..#.....#######
....#.......##
##≈.........#
...≈#.......#
≈.≈.........#
...≈#.......#
##≈.#.......#


You could see a troll.

Vanquished Creatures
  Pikel (D:5)
  Grinder (D:5)
  A hippogriff (D:8)
  Sigmund (D:5)
  A steam dragon (D:8)
  Edmund (D:5)
  Duvessa (D:7)
  2 water moccasins
  An ice beast (D:6)
  3 orc warriors
  A phantom (D:4)
  3 sky beasts
  2 ogres (D:8)
  2 centaurs
  5 bullfrogs
  3 big kobolds (D:8)
  Dowan (D:7)
  2 scorpions
  A howler monkey (D:6)
  5 crimson imps
  A centaur zombie (D:5)
  4 hounds
  3 jellies
  6 orc wizards
  7 orc priests
  Crazy Yiuf (D:7)
  2 iguanas
  7 worker ants
  2 hound skeletons (D:4)
  A worker ant zombie (D:6)
  A howler monkey skeleton (D:4)
  16 adders
  A shadow imp (D:8)
  A white imp (D:5)
  3 oozes
  2 adder skeletons (D:7)
  A worm (D:2)
  4 dart slugs
  3 leopard geckos
  30 orcs
  7 giant cockroaches
  11 goblins
  6 hobgoblins
  16 jackals
  4 quokkas
  4 ball pythons
  A ball python skeleton (D:4)
  6 bats
  5 frilled lizards
  13 kobolds
  5 rats
  A spectral orc (D:8)
213 creatures vanquished.

Vanquished Creatures (others)
  2 slaves (D:5)
  A hound (D:5)
  A worker ant (D:5)
  An ooze (D:5)
  A worm (D:5)
  2 orcs (D:5)
  A jackal skeleton (D:5)
9 creatures vanquished.

Grand Total: 222 creatures vanquished

Notes
Turn   | Place    | Note
-------+----------+-------------------------------------------
     0 | D:1      | mahrnol the Troll Monk began the quest for the Orb.
     0 | D:1      | Reached XP level 1. HP: 22/22 MP: 0/0
    44 | D:1      | Reached XP level 2. HP: 28/29 MP: 1/1
   338 | D:1      | Reached XP level 3. HP: 35/36 MP: 2/2
   706 | D:2      | Found an opulent altar of Gozag.
   708 | D:2      | Found a hide-covered altar of Uskayaw.
  1108 | D:2      | Reached XP level 4. HP: 40/44 MP: 3/3
  1144 | D:2      | Found a burning altar of Makhleb.
  1144 | D:2      | Found a shattered altar of Ashenzari.
  1147 | D:2      | Found a snail-covered altar of Cheibriados.
  1306 | D:2      | Reached skill level 4 in Unarmed Combat
  1958 | D:3      | Reached XP level 5. HP: 36/50 MP: 4/4
  2248 | D:3      | Reached skill level 5 in Unarmed Combat
  2418 | D:4      | Reached XP level 6. HP: 59/59 MP: 5/5
  2650 | D:4      | Reached skill level 6 in Unarmed Combat
  2736 | D:4      | Found Jugoevuocw's Serpentskin Sales.
  2736 | D:4      | Noticed a water moccasin
  2739 | D:4      | Killed a water moccasin
  2739 | D:4      | Reached XP level 7. HP: 66/66 MP: 6/6
  2802 | D:4      | Found a stormy altar of Qazlal.
  2821 | D:4      | Reached skill level 7 in Unarmed Combat
  2946 | D:5      | Entered Level 5 of the Dungeon
  2959 | D:5      | Noticed Pikel
  2977 | D:5      | Killed Pikel
  2977 | D:5      | Reached skill level 8 in Unarmed Combat
  2977 | D:5      | Reached XP level 8. HP: 8/74 MP: 7/7
  2987 | D:5      | Found a staircase to the Ecumenical Temple.
  3003 | Temple   | Entered the Ecumenical Temple
  3214 | D:5      | Reached skill level 9 in Unarmed Combat
  3232 | D:5      | Noticed Edmund
  3244 | D:5      | Killed Edmund
  3271 | D:5      | Noticed Grinder
  3273 | D:5      | Paralysed by Grinder for 6 turns
  3284 | D:5      | Killed Grinder
  3513 | D:5      | Reached skill level 10 in Unarmed Combat
  3609 | D:5      | Found an ornate altar of the Wu Jian Council.
  3618 | D:5      | Became a worshipper of the Wu Jian Council
  3618 | D:5      | Reached * piety under Wu Jian
  3618 | D:5      | Reached ** piety under Wu Jian
  3789 | D:5      | Noticed Sigmund
  3812 | D:5      | Killed Sigmund
  3812 | D:5      | Reached XP level 9. HP: 75/80 MP: 8/8
  4520 | D:7      | Found Onkucey's Book Shoppe.
  4601 | D:7      | Found a sparkling altar of Nemelex Xobeh.
  4609 | D:7      | Reached skill level 11 in Unarmed Combat
  4622 | D:7      | Found Emopp's Distillery.
  4622 | D:7      | Noticed Duvessa
  4625 | D:7      | Noticed Dowan
  4631 | D:7      | Killed Duvessa
  4631 | D:7      | Reached skill level 5 in Dodging
  4634 | D:7      | Killed Dowan
  4766 | D:7      | Found Fommoef's Armour Shoppe.
  4899 | D:7      | Found a runed translucent door.
  4900 | D:7      | Noticed Crazy Yiuf
  4987 | D:7      | Found Uteaxesch's Distillery.
  5048 | D:7      | Found Ceiradag's Weapon Shoppe.
  5150 | D:7      | Killed Crazy Yiuf
  5345 | D:8      | Found a sacrificial altar of Ru.
  5398 | D:8      | Reached skill level 12 in Unarmed Combat
  5683 | D:8      | Reached XP level 10. HP: 88/88 MP: 9/9
  5686 | D:8      | Reached *** piety under Wu Jian
  5721 | D:8      | Found a hazy altar of Hepliaklqana.
  5850 | D:8      | Found a basalt altar of Yredelemnul.
  6413 | D:9      | Noticed Erica
  6438 | D:8      | HP: 4/88 [troll (4)]
  6438 | D:8      | Mangled by a troll

Skill      XL: |  1  2  3  4  5  6  7  8  9 |
---------------+----------------------------+-----
Dodging        | 3 4 5 |  5.6
Unarmed Combat | 4 5 6 8 10 12 | 12.5
Stealth        | 2 3 |  3.5
Fighting       | |  2.6

Action                   |  1- 3 |  4- 6 |  7- 9 | 10-12 || total
-------------------------+-------+-------+-------+-------++-------
Melee: Unarmed           |    93 |   170 |   235 |    86 ||   584
       Punch             |       |     6 |     9 |     4 ||    19
Invok: Lunge             |       |       |    14 |    12 ||    26
       Whirlwind         |       |       |    16 |    20 ||    36
 Abil: Wall Jump         |       |       |       |     1 ||     1
  Use: Scroll            |       |       |     3 |       ||     3
       Potion            |       |       |       |     1 ||     1
 Stab: Sleeping          |     3 |     4 |     2 |     2 ||    11
       Distracted        |       |       |     1 |     1 ||     2
  Eat: Chunk             |    16 |    15 |    27 |     6 ||    64
Armor: Robe              |    39 |    52 |    42 |       ||   133
       Steam dragon scal |       |       |       |    27 ||    27
Dodge: Dodged            |    69 |    85 |    78 |    51 ||   283
Block: Other             |       |       |       |    11 ||    11
